 Dungeon Crawl Stone Soup version 0.30-a0-847-g17996783a1 (webtiles) character file.

Game seed: 5509961112239700340

6864 Darius099 the Severer (level 10, -4/76 (78) HPs)
             Began as a Minotaur Fighter on Mar 3, 2023.
             Was an Elder of Okawaru.
             Hit by a javelin thrown by something (11 damage)
             ... on level 9 of the Dungeon.
             The game lasted 00:21:20 (8948 turns).

Darius099 the Severer (Minotaur Fighter)            Turns: 8948, Time: 00:21:20

HP:   -4/76 (78)    AC:  0    Str: 24    XL:     10   Next: 78%
MP:   13/13         EV: 13    Int:  5    God:    Okawaru [****..]
Gold: 0             SH:  5    Dex: 11    Spells: 9/9 levels left

rFire   . . .      SeeInvis .    a - melded +0 war axe
rCold   . . .      Faith    .    c - melded +0 buckler
rNeg    . . .      Spirit   .    f - melded +0 plate armour
rPois   .          Reflect  +    (helmet currently unavailable)
rElec   .          Rampage  .    s - melded +0 cloak
rCorr   .                        (gloves currently unavailable)
Will    .....                    (boots currently unavailable)
Stlth   +                        w - amulet of reflection
HPRegen 0.32/turn                z - melded ring of protection from cold
MPRegen 0.13/turn                I - melded +6 ring of strength

@: pig-form (expiring), lightly drained, invisible, very quick
A: fast, no casting, small, (horns 2), (retaliatory headbutt)
a: Renounce Religion, Heroism, Finesse


You were on level 9 of the Dungeon.
You worshipped Okawaru.
Okawaru was greatly pleased with you.
You were a filthy swine.
You visited 2 branches of the dungeon, and saw 10 of its levels.

Inventory:

Hand Weapons
 a - a +0 war axe (melded)
Missiles
 l - 105 stones (quivered)
 x - a throwing net
 y - 5 javelins
 H - 17 poisoned darts
 M - 2 boomerangs
 N - 2 curare-tipped darts
Armour
 c - a +0 buckler (melded)
 f - a +0 plate armour (melded)
 s - a +0 cloak (melded)
Jewellery
 w - an amulet of reflection (around neck)
 z - a ring of protection from cold (melded)
 I - a +6 ring of strength (melded)
Wands
 p - a wand of light (23)
 r - a wand of digging (6)
 E - a wand of charming (7)
 F - a wand of flame (19)
Scrolls
 e - a scroll of blinking {unknown}
 g - 2 scrolls of poison {unknown}
 h - a scroll of noise {unknown}
 i - 4 scrolls of identify
 m - 3 scrolls of fog {unknown}
 q - 2 scrolls of summoning {unknown}
 v - 6 scrolls of teleportation {unknown}
 C - a scroll of immolation {unknown}
 G - 2 scrolls of vulnerability {unknown}
 J - a scroll of amnesia {unknown}
Potions
 b - 4 potions of degeneration
 d - 2 potions of might
 j - a potion of flight {unknown}
 k - 2 potions of brilliance {unknown}
 n - 2 potions of berserk rage {unknown}
 o - 2 potions of curing
 A - a potion of cancellation {unknown}
 B - 2 potions of attraction {unknown}
 K - a potion of haste {unknown}
 L - 3 potions of heal wounds {unknown}


   Skills:
 - Level 3.9 Fighting
 - Level 16.0 Axes
 + Level 6.4 Throwing
 - Level 3.9 Armour
 - Level 4.0 Shields
 + Level 6.4 Invocations


You had 9 spell levels left.
You didn't know any spells.
Your spell library contained the following spells:

 Spells                   Type           Power      Damage    Failure   Level
 Beastly Appendage        Tmut           0%         N/A       47%         1
 Necrotise                Necr           0%         1d4       47%         1
 Wereblood                Tmut           0%         N/A       63%         2
 Ignite Poison            Fire/Tmut/Pois 0%         N/A       85%         3
 Spider Form              Tmut/Pois      0%         N/A       85%         3
 Vampiric Draining        Necr           0%         2d6       85%         3
 Sticky Flame             Conj/Fire      0%         2d3       99%         4
 Agony                    Necr           0%         N/A       100%        5
 Ignition                 Fire           0%         3d3       100%        8
 Summon Ice Beast         Ice/Summ       Unusable   N/A       N/A         4
 Summon Mana Viper        Hex/Summ       Unusable   N/A       N/A         5
 Monstrous Menagerie      Summ           Unusable   N/A       N/A         7

Dungeon Overview and Level Annotations

Branches:
Dungeon (9/15)             Temple (1/1) D:5
   Lair: D:8-11         Orc: D:9-12

Altars:
Ashenzari
Cheibriados
Dithmenos
Elyvilon
Fedhas
Gozag
Kikubaaqudgha
Makhleb
Nemelex Xobeh
Okawaru
Sif Muna
Trog
Uskayaw
Vehumet
Wu Jian
Yredelemnul
Zin
The Shining One

Shops:
D:7 *

Annotations:
D:9 Maurice


Innate Abilities, Weirdness & Mutations

You are a filthy swine.
You move quickly.
Your equipment is almost entirely melded.
You are incapable of wielding weapons or throwing items.
You cannot cast spells.
((You have a pair of horns on your head.))
((You reflexively headbutt those who attack you in melee.))


Message History

Something hits you but does no damage.
You slash something!
The wight hits you from afar with a +0 spear.
You feel drained. Something hits you but does no damage.
You closely miss something. You headbutt something!
The wight completely misses you.
You miss something. You miss something. You headbutt something.
You block the wight's attack. Something hits you but does no damage.
You closely miss something. Your headbutt misses something.
The wight hits you but does no damage. Something hits you!
Something steals your scroll labelled XIHUOZ TAYRHOM!
You closely miss something. You miss something. You block the wight's attack.
You hear a zap.
A bolt of light appears from out of thin air!
The bolt of light hits you!
The now-empty wand crumbles to dust.
You slash something! You block the wight's attack. Something hits you!
Something steals your wand of polymorph (23)!
You barely miss something. Your headbutt misses something.
You block the wight's attack.
You barely miss something.
You hear a zap.
You turn into a filthy swine.
Your +0 war axe melds into your body.
Your +0 cloak melds into your body.
Your +0 buckler melds into your body.
Your +0 plate armour melds into your body.
Your ring of protection from cold melds into your body.
Your +6 ring of strength melds into your body.
You feel weaker.
You closely miss something.
The wight hits you from afar with a +0 spear!
* * * LOW HITPOINT WARNING * * *
Something hits you!
* * * LOW HITPOINT WARNING * * *
Something steals 432 gold pieces!
You now have 0 gold pieces.
You fade into invisibility!
You block the wight's attack. You block something's attack.
Your transformation is almost over.
A javelin appears from out of thin air!
The javelin pierces through you!
You die...

#..z....#
#...z...#
#.......#
#.......######
#.....=.......
#.......######
#.......#
#.......#
#....h..#
#......)#
#.......#
###.##### #..#
###'########
#..........#
#..........#
#..........#


You could see a wight (unable to see you).

Vanquished Creatures
  A two-headed ogre (D:8)
  Pikel (D:6)
  Maggie (D:6)
  Prince Ribbit (D:6)
  Sigmund (D:3)
  8 yaks (D:8)
  Edmund (D:6)
  2 water moccasins
  4 orc warriors
  3 ice beasts
  2 sky beasts (D:7)
  3 black bears
  An ogre (D:5)
  3 centaurs
  A lemure (D:6)
  A kobold brigand (D:7)
  2 gnoll sergeants
  2 scorpions
  13 wights
  3 killer bees (D:8)
  A howler monkey (D:9)
  3 jellies
  2 hounds
  A gnoll bouda (D:7)
  5 orc priests
  Crazy Yiuf (D:2)
  3 iguanas
  7 sleepcaps
  Terence (D:3)
  Jessica (D:3)
  6 orc wizards
  9 adders
  14 gnolls
  A shadow imp (D:7)
  2 white imps (D:7)
  2 worms (D:2)
  26 orcs
  2 bats
  6 endoplasms
  4 giant cockroaches
  8 hobgoblins
  6 jackals (D:2)
  10 kobolds
  5 quokkas
  5 ball pythons
  4 frilled lizards
  14 goblins
  10 rats
213 creatures vanquished.

Notes
Turn   | Place    | Note
-------+----------+-------------------------------------------
     0 | D:1      | Darius099 the Minotaur Fighter began the quest for the Orb.
     0 | D:1      | Reached XP level 1. HP: 19/19 MP: 0/0
   178 | D:1      | Reached XP level 2. HP: 27/27 MP: 1/1
   198 | D:1      | Found a faded altar of an unknown god.
   532 | D:1      | Reached skill level 3 in Axes
   903 | D:2      | Reached XP level 3. HP: 32/33 MP: 2/2
  1044 | D:2      | Reached skill level 4 in Axes
  1164 | D:2      | Found a runed translucent door.
  1165 | D:2      | Noticed Crazy Yiuf
  1273 | D:2      | Found a hide-covered altar of Uskayaw.
  1737 | D:2      | Killed Crazy Yiuf
  1738 | D:2      | Reached XP level 4. HP: 29/40 MP: 3/3
  1874 | D:3      | Reached skill level 5 in Axes
  1895 | D:3      | Noticed Terence
  1910 | D:3      | Killed Terence
  2104 | D:3      | Noticed Jessica
  2114 | D:3      | Killed Jessica
  2115 | D:3      | Reached XP level 5. HP: 39/46 MP: 4/4
  2187 | D:3      | Noticed Sigmund
  2201 | D:3      | Killed Sigmund
  2202 | D:3      | Reached skill level 7 in Axes
  2202 | D:3      | Reached XP level 6. HP: 52/52 MP: 5/5
  2948 | D:4      | Reached skill level 8 in Axes
  3250 | D:4      | Reached XP level 7. HP: 58/58 MP: 6/6
  3281 | D:4      | Found a basalt altar of Yredelemnul.
  3281 | D:4      | Found a hide-covered altar of Uskayaw.
  3815 | D:5      | Entered Level 5 of the Dungeon
  3820 | D:5      | Reached skill level 9 in Axes
  4028 | D:5      | Reached skill level 10 in Axes
  4038 | D:5      | Reached XP level 8. HP: 31/66 MP: 7/7
  4050 | D:5      | Reached skill level 11 in Axes
  4468 | D:5      | Found a staircase to the Ecumenical Temple.
  4480 | Temple   | Entered the Ecumenical Temple
  4674 | Temple   | Became a worshipper of Warmaster Okawaru
  5078 | D:6      | Reached skill level 12 in Axes
  5198 | D:6      | Found a blossoming altar of Fedhas.
  5408 | D:6      | Noticed Edmund
  5418 | D:6      | Reached skill level 13 in Axes
  5423 | D:6      | Killed Edmund
  5719 | D:6      | Noticed Pikel
  5731 | D:6      | Killed Pikel
  5731 | D:6      | Reached * piety under Okawaru
  5732 | D:6      | Reached skill level 14 in Axes
  5732 | D:6      | Reached XP level 9. HP: 40/71 MP: 8/8
  5846 | D:6      | Noticed Maggie
  5855 | D:6      | Reached ** piety under Okawaru
  5857 | D:6      | Killed Maggie
  5858 | D:6      | Reached skill level 15 in Axes
  6224 | D:6      | Noticed Prince Ribbit
  6234 | D:6      | Killed Prince Ribbit
  6576 | D:6      | Found a shimmering blue altar of Sif Muna.
  6676 | D:6      | Found a radiant altar of Vehumet.
  6792 | D:7      | Reached skill level 16 in Axes
  6796 | D:7      | Reached skill level 1 in Throwing
  6796 | D:7      | Reached skill level 1 in Invocations
  6833 | D:7      | Reached *** piety under Okawaru
  7184 | D:7      | Reached XP level 10. HP: 78/78 MP: 9/11
  7487 | D:7      | Found a burning altar of Makhleb.
  7572 | D:7      | Found Lofa's Serpentskin Sales.
  7754 | D:8      | Reached **** piety under Okawaru
  7860 | D:8      | Noticed a two-headed ogre
  8072 | D:8      | Reached skill level 5 in Throwing
  8072 | D:8      | Reached skill level 5 in Invocations
  8720 | D:8      | Killed a two-headed ogre
  8720 | D:8      | Received a gift from Okawaru
  8911 | D:9      | Noticed Maurice
  8935 | D:9      | HP: 3/76 [something (16)]
  8948 | D:9      | Hit by a javelin thrown by something

Illustrated notes

Levels and vault maps discovered:
D:1:      ncdulo_smallfort, layout_basic, ebering_ecumenical_altar_box
D:2:      layout_basic, basic_altar, dreamdust_wishing_well,
          uniq_crazy_yiuf_cottage
D:3:      layout_basic, uniq_terence, uniq_sigmund, uniq_jessica
D:4:      kennysheep_the_goblin_king, layout_loops_ring,
          nicolae_overflow_two_pavilions
D:5:      layout_basic, minmay_temple_entry_glassed_door
D:6:      layout_cave_pools, nicolae_vehumet_altar_sigil, lemuel_blue_sif_altar,
          mainiacjoe_overflow_brackets, chequers_serial_rivers_micro_b,
          kennysheep_generic_room_14, uniq_edmund, uniq_pikel,
          uniq_prince_ribbit1, uniq_maggie
D:7:      minmay_chambers_of_fours, layout_basic, overflow_temple_1_default,
          guppyfry_shop_venom
D:8:      corexii_shack_village, layout_cave_pools, kennysheep_dice
D:9:      layout_roguey, regret_index_temple_of_mockery,
          nicolae_ru_great_annihilating_truth, uniq_maurice
Temple:   nicolae_temple_slightly_damp_pantheon

Skill      XL: |  1  2  3  4  5  6  7  8  9 10 |
---------------+-------------------------------+-----
Shields        | 4 |  4.0
Axes           | 3 4 5 7 8 10 14 16 | 16.0
Throwing       | 2 6 |  6.4
Invocations    | 2 6 |  6.4
Fighting       | |  3.9
Armour         | |  3.9

Action                     |  1- 3 |  4- 6 |  7- 9 | 10-12 || total
---------------------------+-------+-------+-------+-------++-------
  Melee: War axe           |    86 |    74 |   250 |   164 ||   574
         Headbutt          |     9 |    12 |    51 |    31 ||   103
         Unarmed           |       |       |       |     1 ||     1
 Invoke: Heroism           |       |       |       |     1 ||     1
         Finesse           |       |       |       |     1 ||     1
    Use: Potion            |       |       |       |     3 ||     3
         Scroll            |       |       |       |     2 ||     2
 Armour: Scale mail        |     6 |       |       |       ||     6
         Plate armour      |    46 |    47 |    87 |    63 ||   243
  Dodge: Dodged            |    14 |    16 |    63 |    29 ||   122
  Block: Buckler           |    20 |    23 |   111 |    63 ||   217
         Reflection        |       |     1 |     1 |     4 ||     6
         Other             |       |       |       |     2 ||     2

Table legend: (Time is in decaauts)
 A = Elapsed time spent in this place.
 B = Non-inter-level travel time spent in this place.
 C = Inter-level travel time spent in this place.
 D = Time resting spent in this place.
 E = Time spent auto-exploring this place.
 F = Levels seen in this place.
 G = Mean time per level.
                   A        B        C        D        E       F      G
               +--------+--------+--------+--------+--------+-----+--------+
         Total |   8923 |   8611 |    312 |   1836 |   5021 |  10 |  892.3 |
       Dungeon |   8709 |   8441 |    268 |   1836 |   4866 |   9 |  967.7 |
        Temple |    213 |    169 |     44 |      0 |    155 |   1 |  213.0 |
               +--------+--------+--------+--------+--------+-----+--------+

Top non-repeatable levels by time:
     D:6: 1655 daAuts
     D:4: 1109 daAuts
     D:8: 1085 daAuts
     D:5: 1022 daAuts
     D:7: 1020 daAuts
     D:2: 1001 daAuts
     D:3: 876 daAuts
     D:1: 875 daAuts
  Temple: 213 daAuts
     D:9: 62 daAuts
